 Dungeon Crawl Stone Soup version 0.22-a0-587-g7d32d7c (webtiles) character file.

5 inc the Vexing (level 1, -2/7 HPs)
             Began as a Felid Enchanter on July 4, 2018.
             Killed from afar by a dart slug (3 damage)
             ... with a slug dart
             ... on level 1 of the Dungeon.
             The game lasted 00:00:29 (209 turns).

inc the Vexing (Felid Enchanter)                     Turns: 209, Time: 00:00:30

Health: -2/7       AC:  1    Str:  4    XL:     1   Next: 66%
Magic:  2/4        EV: 18    Int: 16    God:
Gold:   14         SH:  0    Dex: 16    Spells: 3/4 levels left
                                        Lives:  0   Deaths: 0

rFire    . . .     SeeInvis +     - Unarmed
rCold    . . .     Gourm    .   (shield unavailable)
rNeg     . . .     Faith    .   (armour unavailable)
rPois    .         Spirit   .   (helmet unavailable)
rElec    .         Reflect  .   (cloak unavailable)
rCorr    .         Harm     .   (gloves unavailable)
MR       .....                  (boots unavailable)
Stlth    +++.......             (no amulet)
HPRegen  0.02/turn              (no ring)
MPRegen  0.09/turn              (no ring)

@: quick
A: very small, no armour, no weapons or thrown items, stealth, claws 1, fangs 3,
see invisible, carnivore, speed 1, shaggy fur 1, slow metabolism 1, sharp paws
a: no special abilities


You were on level 1 of the Dungeon.
You were not hungry.

You visited 1 branch of the dungeon, and saw 1 of its levels.

You collected 14 gold pieces.

Inventory:

Jewellery
 d - a cursed amulet of inaccuracy {unknown}
Potions
 a - a potion of lignification {unknown}
 c - a potion of curing {unknown}
Comestibles
 b - 3 rations


   Skills:
 - Level 2.6 Dodging
 - Level 4.0 Stealth
 - Level 1.0 Unarmed Combat
 - Level 2.0 Spellcasting
 + Level 5.0 Hexes


You had 3 spell levels left.
You knew the following spells:

 Your Spells              Type           Power        Failure   Level  Hunger
a - Corona                Hex            ###....      2%          1    #......

Your spell library contained the following spells:

 Spells                   Type           Power        Failure   Level  Hunger
 Confuse                  Hex            ###.....     8%          3    ###....
 Tukima's Dance           Hex            ###.....     8%          3    ###....
 Ensorcelled Hibernation  Hex/Ice        #.....       11%         2    ###....
 Dazzling Spray           Conj/Hex       #.....       22%         3    ###....


Dungeon Overview and Level Annotations

Branches:
Dungeon (1/15)

Altars:


Innate Abilities, Weirdness & Mutations

You cannot wear armour.
You are incapable of wielding weapons or throwing items.
Your paws allow you to move quietly. (Stealth)
You have sharp claws.
You have razor-sharp teeth.
You have supernaturally acute eyesight. (SInv)
You are carnivorous and can eat meat at any time.
You cover ground quickly.
You are covered in fur. (AC +1)
You have a slow metabolism.
Your sharp claws are effective at attacking unaware monsters.


Message History

Aim: a kobold, wielding a short sword (chance to defeat MR: 71%)
The kobold is outlined in light.
You scratch the kobold but do no damage.
Your bite misses the kobold. The kobold misses you.
You scratch the kobold but do no damage.
The kobold hits you with a short sword.
Ouch! That really hurt!
* * * LOW HITPOINT WARNING * * *
You closely miss the kobold. You bite the kobold, but do no damage.
The kobold closely misses you.
You scratch the kobold.
You kill the kobold!
You barely miss the kobold. You bite the kobold, but do no damage.
The kobold completely misses you.
You scratch the kobold but do no damage.
You kill the kobold!
Your Hexes skill increases to level 5!
The dart slug launches a dart at you. The slug dart hits you!
You die...

#....##.#+#........
#....##......######
#.#+###......#
#.(...+......#
###w###......#
#..w......#.##
#.#.#.....#.#
#.#.#.###.#.# #
#@#.# #.#.# #.# #.#
#+# #.# #.
#.#######.
#.......#.
###########.#.
............#.
##########..#.
#..#.


You could see 2 dart slugs.

Vanquished Creatures
  A goblin (D:1)
  A hobgoblin (D:1)
  2 kobolds (D:1)
  A ball python (D:1)
5 creatures vanquished.

Notes
Turn   | Place    | Note
-------+----------+-------------------------------------------
     0 | D:1      | inc the Felid Enchanter began the quest for the Orb.
     0 | D:1      | Reached XP level 1. HP: 7/7 MP: 4/4
   208 | D:1      | Reached skill level 5 in Hexes
   209 | D:1      | Killed from afar by a dart slug

Vault maps used:
D:1:      ebering_hopf_link

Skill      XL: |  1 |
---------------+----+-----
Hexes          | 5 |  5.0
Dodging        | |  2.6
Stealth        | |  4.0
Unarmed Combat | |  1.0
Spellcasting   | |  2.0

Action                   || total
-------------------------++-------
Melee: Unarmed           ||    11
       Bite              ||     4
 Cast: Corona            ||     2
 Stab: Sleeping          ||     2
Dodge: Dodged            ||     5

Table legend:
 A = Spawn XP
 B = Non-spawn XP
 C = Spawn XP percentage of total XP
 D = Spawn monster count
 E = Non-spawn monster count
 F = Spawn count percentage of total count
 G = Total turns spent on level
                    A         B        C        D         E        F      G
               +---------+---------+-------+---------+---------+-------+---------
         Total |       0 |       8 |   0.0 |       0 |       5 |   0.0 |   209
               +---------+---------+-------+---------+---------+-------+---------
           D:1 |       0 |       8 |   0.0 |       0 |       5 |   0.0 |   209
               +---------+---------+-------+---------+---------+-------+---------
